 Dungeon Crawl Stone Soup version 0.29-a0-994-gc5c9f59d18 (webtiles) character file.

Game seed: 15555084346266539467

4 IdlyInterested the Sneak (level 1, -1/16 HPs)
             Began as a Demonspawn Brigand on Aug 3, 2022.
             Slain by a hobgoblin (3 damage)
             ... on level 1 of the Dungeon.
             The game lasted 00:00:22 (58 turns).

IdlyInterested the Sneak (Demonspawn Brigand)         Turns: 58, Time: 00:00:23

Health: -1/16      AC:  3    Str: 11    XL:     1   Next: 58%
Magic:  1/1        EV: 11    Int: 12    God:
Gold:   13         SH:  0    Dex: 14    Spells: 0/0 levels left

rFire   . . .      SeeInvis .   a - +2 dagger
rCold   . . .      Faith    .   (no shield)
rNeg    . . .      Spirit   .   b - +0 robe
rPois   .          Reflect  .   (no helmet)
rElec   .          Harm     .   c - +0 cloak
rCorr   .          Rampage  .   (no gloves)
Will    .....                   (no boots)
Stlth   ++........              (no amulet)
HPRegen 0.05/turn               (no ring)
MPRegen 0.07/turn               (no ring)

@: no status effects
A: no striking features
a: no special abilities


You were on level 1 of the Dungeon.
You visited 1 branch of the dungeon, and saw 1 of its levels.

You collected 13 gold pieces.

Inventory:

Hand Weapons
 a - a +2 dagger (weapon)
Missiles
 d - 9 poisoned darts (quivered)
 e - 3 curare-tipped darts
Armour
 b - a +0 robe (worn)
 c - a +0 cloak (worn)


   Skills:
 - Level 2.0 Fighting
 + Level 1.9 Short Blades
 - Level 1.7 Throwing
 - Level 0.8 Dodging
 * Level 3.8 Stealth


You couldn't memorise any spells.
You didn't know any spells.
Your spell library was empty.

Dungeon Overview and Level Annotations

Branches:
Dungeon (1/15)

Altars:


Message History

The endoplasm quivers.
You hit the goblin.
You kill the goblin!
You see here a +0 club.
You hit the endoplasm.
The endoplasm is almost dead.
The endoplasm barely misses you.
You hit the endoplasm.
You kill the endoplasm!
You now have 13 gold pieces.
A kobold comes into view. It is wielding a +0 dagger.
The helpless kobold fails to defend itself.
You impale the kobold!!
You kill the kobold!
Things that are here:
a +0 dagger; a kobold corpse You open the door.
A kobold comes into view. It is wielding a +0 club.
A hobgoblin comes into view. 2 rats come into view.
The hobgoblin shouts!
The hobgoblin hits you. The rat closely misses you.
The hobgoblin barely misses you.
The kobold shouts!
You hit the hobgoblin.
The hobgoblin is severely wounded.
The hobgoblin hits you.
You hit the rat.
You kill the rat!
The hobgoblin barely misses you. The kobold hits you with a +0 club.
The rat bites you. The hobgoblin hits you. The kobold closely misses you.
The rat attacks as you move away! The rat bites you.
The kobold barely misses you. The hobgoblin attacks as you move away!
The hobgoblin hits you.
* * * LOW HITPOINT WARNING * * *
You hit the hobgoblin.
The hobgoblin is almost dead.
The hobgoblin hits you.
You die...

...........#
...........#
...........#
#.........#
##.........#.##
.......r.......
#####.#K#######
..# #.#g# ..#
#.#@# ..#
#######.#.# ..#
........#.# ..#
#######)..# ..#
......'...# ..#
#######...# ..#
###♣#♣#♣#♣...####
..#
#.................
..#
#..♣.♣.♣#♣........


You could see a hobgoblin, a kobold and a rat.

Vanquished Creatures
  An endoplasm (D:1)
  A goblin (D:1)
  A kobold (D:1)
  A rat (D:1)
4 creatures vanquished.

Notes
Turn   | Place    | Note
-------+----------+-------------------------------------------
     0 | D:1      | IdlyInterested the Demonspawn Brigand began the quest for
                  | the Orb.
     0 | D:1      | Reached XP level 1. HP: 16/16 MP: 1/1
    58 | D:1      | Slain by a hobgoblin

Illustrated notes

Levels and vault maps discovered:
D:1:      wander_arrival_peaceful_grave, layout_basic, serial_forest,
          infiniplex_forest_join, infiniplex_forest_zigzag_2,
          infiniplex_forest_lined_3_way, infiniplex_forest_end_3,
          infiniplex_forest_lined_2

Action                   || total
-------------------------++-------
Melee: Dagger            ||     7
 Stab: Sleeping          ||     1
Dodge: Dodged            ||     6

Table legend: (Time is in decaauts)
 A = Elapsed time spent in this place.
 B = Non-inter-level travel time spent in this place.
 C = Inter-level travel time spent in this place.
 D = Time resting spent in this place.
 E = Time spent auto-exploring this place.
 F = Levels seen in this place.
 G = Mean time per level.
                   A        B        C        D        E       F      G
               +--------+--------+--------+--------+--------+-----+--------+
         Total |     57 |     57 |      0 |      0 |     25 |   1 |   57.0 |
       Dungeon |     57 |     57 |      0 |      0 |     25 |   1 |   57.0 |
               +--------+--------+--------+--------+--------+-----+--------+

Top non-repeatable levels by time:
     D:1: 57 daAuts
